 Dungeon Crawl Stone Soup version 0.30-a0-778-g2ef04afb54 (webtiles) character file.

Game seed: 9196656276568016483

12109 Smoke131 the Deadly Accurate (level 11, -4/145 HPs)
             Began as an Ogre Gladiator on Feb 16, 2023.
             Was an Elder of Okawaru.
             Slain by an orc warrior
             ... wielding a +0 war axe
             ... led by an orc warlord
              (12 damage)
             ... on level 9 of the Dungeon.
             The game lasted 00:56:01 (16383 turns).

Smoke131 the Deadly Accurate (Ogre Gladiator)      Turns: 16383, Time: 00:56:02

Health: -4/145     AC: 25    Str: 20    XL:     11   Next: 88%
Magic:  17/17      EV:  1    Int:  9    God:    Okawaru [****..]
Gold:   889        SH:  5    Dex: 20    Spells: 10/10 levels left

rFire   . . .      SeeInvis .    A - +0 demon whip (venom)
rCold   . . .      Faith    .    (no shield)
rNeg    . . .      Spirit   .    (body armour currently unavailable)
rPois   +          Reflect  +    (helmet currently unavailable)
rElec   .          Harm     .    (cloak currently unavailable)
rCorr   .          Rampage  .    (gloves unavailable)
Will    +....      NoTele   +    (boots unavailable)
Stlth   ++                       q - amulet of reflection
HPRegen 0.44/turn                s - ring of poison resistance
MPRegen 0.15/turn                x - +6 ring of dexterity

@: tree-form
A: stationary, stasis, torment immunity, boosted hp, large, unfitting armour,
(tough skin 1)
a: Renounce Religion, Heroism, Finesse


You were on level 9 of the Dungeon.
You worshipped Okawaru.
Okawaru was greatly pleased with you.
You were a tree.
You visited 3 branches of the dungeon, and saw 11 of its levels.
You also visited: Sewer and Bailey.

You collected 889 gold pieces.

Inventory:

Hand Weapons
 A - a +0 demon whip of venom (weapon)
 D - a +1 halberd of venom
Missiles
 d - a throwing net
 g - 51 stones
 F - 3 boomerangs (quivered)
Armour
 c - a +0 hat (melded)
 H - a +2 robe of fire resistance (melded)
 N - a +0 kite shield
Jewellery
 a - a +5 ring of evasion
 f - a ring of flight
 q - an amulet of reflection (around neck)
 s - a ring of poison resistance (left branch)
 t - an amulet of faith
 u - a ring of see invisible
 x - a +6 ring of dexterity (right branch)
 I - a +6 ring of dexterity
Wands
 p - a wand of polymorph (11)
 v - a wand of acid (14)
 y - a wand of flame (18)
 B - a wand of roots (12)
 M - a wand of mindburst (6)
Scrolls
 b - a scroll of enchant armour {unknown}
 l - a scroll of magic mapping
 r - a scroll of fog
 E - a scroll of amnesia
 K - a scroll of teleportation
 P - a scroll of identify
Potions
 e - a potion of might
 i - a potion of brilliance {unknown}
 k - 9 potions of curing
 m - a potion of flight {unknown}
 n - 2 potions of mutation
 w - a potion of resistance {unknown}
 z - a potion of heal wounds
 G - a potion of lignification
 J - a potion of attraction {unknown}
 L - 2 potions of magic {unknown}
 O - a potion of ambrosia {unknown}


   Skills:
 - Level 3.0 Fighting
 - Level 3.0 Polearms
 + Level 16.3 Throwing
 - Level 3.0 Dodging
 + Level 9.2 Invocations


You had 10 spell levels left.
You didn't know any spells.
Your spell library contained the following spells:

 Spells                   Type           Power      Damage    Failure   Level
 Cigotuvi's Dreadful Rot  Necr/Pois/Air  0%         N/A       52%         2
 Hailstorm                Conj/Ice       0%         3d3       77%         3
 Ignite Poison            Fire/Tmut/Pois 0%         N/A       77%         3
 Kindle Blastsparks       Fire/Tloc/Air  0%         2d10      77%         3
 Mephitic Cloud           Conj/Pois/Air  0%         N/A       77%         3
 Ozocubu's Armour         Ice            0%         N/A       77%         3
 Vampiric Draining        Necr           0%         2d6       77%         3
 Airstrike                Air            0%         2d(0-16)  99%         4
 Ice Form                 Ice/Tmut       0%         N/A       99%         4
 Alistair's Intoxication  Tmut/Pois      0%         N/A       100%        5
 Freezing Cloud           Conj/Ice/Air   0%         6-21      100%        5
 Lightning Bolt           Conj/Air       0%         1d11      100%        5
 Metabolic Englaciation   Hex/Ice        0%         N/A       100%        5
 Polar Vortex             Ice            0%         N/A       100%        9
 Summon Lightning Spire   Summ/Air       Unusable   N/A       N/A         4
 Simulacrum               Ice/Necr       Unusable   N/A       N/A         6
 Infestation              Necr           Unusable   N/A       N/A         8

Dungeon Overview and Level Annotations

Branches:
Dungeon (9/15)             Temple (1/1) D:7            Lair (0/5) D:8
    Orc (1/2) D:9           Sewer (visited)          Bailey (visited)

Altars:
Ashenzari
Cheibriados
Fedhas
Kikubaaqudgha
Makhleb
Okawaru
Qazlal
Ru
Sif Muna
Vehumet
Xom
Yredelemnul
Zin
The Shining One

Shops:
D:4 [


Innate Abilities, Weirdness & Mutations

You are a tree.
Your roots penetrate the ground, keeping you stationary.
You cannot be teleported.
You are immune to unholy pain and torment.
Your maximum health is greatly increased.
Your equipment is partially melded.
You are too large for most types of armour.
((You have tough skin. (AC +1)))


Message History

The orc warrior is lightly wounded.
The orc hits you but does no damage.
The orc warrior hits you but does no damage.
You block the orc warrior's attack.
You hit the orc warrior.
The orc warrior is moderately wounded.
The orc hits you but does no damage.
The orc warrior hits you with a +0 war axe.
* * * LOW HITPOINT WARNING * * *
The orc warrior hits you but does no damage.
You barely miss the orc warrior.
The orc warrior is heavily wounded.
The orc hits you but does no damage.
The orc warrior hits you with a +0 war axe.
* * * LOW HITPOINT WARNING * * *
You block the orc warrior's attack.
You closely miss the orc warrior.
The orc warrior is heavily wounded.
You block the orc's attack.
The orc warrior hits you but does no damage.
The orc warrior hits you with a +0 mace.
* * * LOW HITPOINT WARNING * * *
You hit the orc warrior but do no damage.
The orc warrior looks even sicker.
The orc warrior is moderately wounded.
The orc hits you but does no damage.
The orc warrior hits you but does no damage.
The orc warrior hits you with a +0 mace.
* * * LOW HITPOINT WARNING * * *
You barely miss the orc warrior.
The orc warrior is heavily wounded.
You block the orc's attack.
The orc warrior hits you with a +0 war axe!
* * * LOW HITPOINT WARNING * * *
The orc warrior hits you but does no damage.
You closely miss the orc warrior.
The orc warrior is severely wounded.
The orc hits you but does no damage.
The orc warrior hits you with a +0 war axe!
You die...

######'## #......# #....
........### #......# #....
........'.# #......########....
........#.#####......#......'....
........#..............######....
........#######......### ##'##
#####'### ##o##### ####.# #.#
##o# #....# #.# #o♣# #.####
#####'### #o## #?# ........# #)#
#.# ........#
####[###########'#####
........####...........##........
........'..+.....................
........####............#........
........# #...........##.....<..
##'###### ####'############'####


You could see 2 orc warriors and 2 orcs.

Vanquished Creatures
  An orc warlord (Orc:1)
  A boulder beetle (D:8)
  Amaemon (D:8)
  An orc knight (D:9)
  Pikel (D:6)
  An oklob plant (D:7)
  An orange demon (D:8)
  A rime drake (D:8)
  Maggie (D:6)
  A hornet (D:8)
  A wyvern (D:9)
  12 yaks
  A warg (D:9)
  6 water moccasins
  13 orc warriors
  A sky beast (D:7)
  6 ice beasts
  A black bear (D:4)
  3 ogres
  4 centaurs
  3 wolves
  3 lemures
  2 phantoms (D:6)
  2 kobold brigands
  A necrophage (D:5)
  6 bullfrogs
  A gnoll sergeant (D:7)
  2 scorpions
  5 wights
  2 howler monkeys (D:6)
  7 hounds
  4 jellies
  4 orc priests
  2 gnoll boudas
  An iguana (D:4)
  8 orc wizards
  A mummy (D:5)
  12 gnolls
  13 adders
  4 worms
  A dart slug (D:4)
  47 orcs
  16 ball pythons
  5 bats
  12 endoplasms
  15 giant cockroaches
  12 goblins
  6 hobgoblins
  6 jackals
  11 quokkas
  10 frilled lizards
  A hobgoblin zombie (D:5)
  7 kobolds
  A kobold zombie (D:5)
  2 orc zombies (D:5)
  4 rats
  A bush (D:7)
298 creatures vanquished.

Vanquished Creatures (others)
  3 fungi (D:7)
  A plant (D:7)
  14 toadstools (D:7)
18 creatures vanquished.

Grand Total: 316 creatures vanquished

Notes
Turn   | Place    | Note
-------+----------+-------------------------------------------
     0 | D:1      | Smoke131 the Ogre Gladiator began the quest for the Orb.
     0 | D:1      | Reached XP level 1. HP: 22/22 MP: 1/1
    40 | D:1      | You fall into a shaft and drop 1 floor!
    75 | D:2      | Reached XP level 2. HP: 26/31 MP: 2/2
   118 | D:1      | Found a faded altar of an unknown god.
   317 | D:1      | Reached skill level 3 in Throwing
   317 | D:1      | Reached XP level 3. HP: 37/37 MP: 3/3
  1027 | D:2      | Reached XP level 4. HP: 33/45 MP: 4/4
  1491 | D:3      | Reached skill level 4 in Throwing
  1493 | D:3      | Found an ancient bone altar of Kikubaaqudgha.
  1718 | D:3      | Found a sacrificial altar of Ru.
  2042 | D:3      | Reached XP level 5. HP: 39/53 MP: 5/5
  2052 | D:3      | Reached skill level 5 in Throwing
  2560 | D:4      | Found a stormy altar of Qazlal.
  2580 | D:4      | Noticed an ice beast
  2695 | D:4      | Noticed a black bear
  2774 | D:4      | Killed a black bear
  2775 | D:4      | Reached skill level 6 in Throwing
  2775 | D:4      | Reached XP level 6. HP: 61/61 MP: 6/6
  3193 | D:4      | Found a shimmering altar of Xom.
  3295 | D:4      | Found Torac's Armour Boutique.
  3664 | D:5      | Entered Level 5 of the Dungeon
  3737 | D:5      | Reached skill level 7 in Throwing
  3737 | D:5      | Reached XP level 7. HP: 27/67 MP: 7/7
  4086 | D:5      | Reached skill level 8 in Throwing
  5026 | D:5      | Reached XP level 8. HP: 32/75 MP: 8/8
  5562 | D:5      | Reached skill level 9 in Throwing
  6151 | D:6      | Noticed Maggie
  6159 | D:6      | Killed Maggie
  6160 | D:6      | Reached skill level 10 in Throwing
  6248 | D:6      | Found a glowing drain.
  6267 | Sewer    | Entered a sewer
  6654 | Sewer    | Reached skill level 11 in Throwing
  6674 | Sewer    | Got the Almanac of the Charnel Winter
  6975 | D:6      | Noticed Pikel
  7173 | D:6      | Killed Pikel
  7174 | D:6      | Reached XP level 9. HP: 81/81 MP: 9/9
  7224 | D:6      | Reached skill level 12 in Throwing
  7731 | D:6      | Reached skill level 13 in Throwing
  8449 | D:7      | Found a flagged portal.
  8456 | Bailey   | Entered a bailey
  8624 | Bailey   | Reached XP level 10. HP: 85/91 MP: 10/10
  8774 | Bailey   | Identified the ring "Kum Yta" {EV+5 Str+3}
  8830 | Bailey   | Found the +3 pair of seven-league boots {Rampage+∞}
  8939 | D:7      | Reached skill level 14 in Throwing
  9457 | D:7      | Found a staircase to the Ecumenical Temple.
  9463 | Temple   | Entered the Ecumenical Temple
  9476 | Temple   | Became a worshipper of Warmaster Okawaru
  9538 | D:7      | Found a blossoming altar of Fedhas.
  9559 | D:7      | Noticed an oklob plant
 10266 | D:7      | Killed an oklob plant
 10580 | D:8      | Found a shimmering blue altar of Sif Muna.
 11261 | D:8      | Noticed an orange demon
 11265 | D:8      | Killed an orange demon
 11265 | D:8      | Reached * piety under Okawaru
 11267 | D:8      | Noticed Amaemon
 11274 | D:8      | Found a staircase to the Lair.
 11301 | D:8      | Killed Amaemon
 11657 | D:7      | Reached skill level 5 in Invocations
 11674 | D:7      | Reached skill level 15 in Throwing
 11734 | D:7      | Reached ** piety under Okawaru
 11918 | D:8      | Reached XP level 11. HP: 58/97 MP: 15/15
 12177 | D:8      | Identified the +5 whip of the Shallot {distort, rF+ rN+
                  | Int-5 SInv}
 12247 | D:8      | Noticed a boulder beetle
 12259 | D:8      | Killed a boulder beetle
 12760 | D:8      | Reached *** piety under Okawaru
 13299 | D:9      | Found a staircase to the Orcish Mines.
 13507 | D:9      | Got the Catalogue of the Scorpion
 13947 | D:9      | Found a snail-covered altar of Cheibriados.
 14489 | Orc:1    | Entered Level 1 of the Orcish Mines
 14509 | Orc:1    | Noticed an orc knight
 14549 | D:9      | Killed an orc knight
 14549 | D:9      | Reached **** piety under Okawaru
 14550 | D:9      | Reached skill level 16 in Throwing
 16167 | Orc:1    | Noticed an orc warlord
 16227 | Orc:1    | Killed an orc warlord
 16382 | D:9      | HP: 7/145 [orc warrior/+0 war axe[an orc warlord] (11)]
 16383 | D:9      | Slain by an orc warrior

Illustrated notes

Levels and vault maps discovered:
D:1:      heliophobic_arrival_dark_side_of_the_moon, layout_basic,
          ebering_ecumenical_altar_mist, chequers_garden,
          minmay_misc_feat_secret_circle, minivault_25, minmay_crystal_room
D:2:      layout_basic
D:3:      layout_loops_ring, mainiacjoe_overflow_concentric_impassable,
          mainiacjoe_overflow_small_starburst
D:4:      layout_basic, xom_teletrap_fun, mainiacjoe_overflow_alcove_1,
          serial_shops, shop_coins
D:5:      layout_layer_cave, minmay_mini_ossuary
D:6:      minmay_chambers_of_threes, layout_basic, cheibrodos_sewer_entry_bend,
          grunt_ministairs_7, uniq_maggie, uniq_pikel
D:7:      layout_basic, tgw_fedhas, minmay_temple_entry_fiery, enter_bailey_3,
          amcnicky_mini_pool_small
D:8:      kennysheep_big_flooded_room, layout_loops_ring,
          nicolae_overflow_crystal_walls, hellmonk_lair_entry_icy, uniq_amaemon
D:9:      layout_roguey, lemuel_coloured_pillars_altar, orc_0_dummy
Temple:   nicolae_temple_bog_church
Orc:1:    layout_diamond_mine

Skill      XL: |  1  2  3  4  5  6  7  8  9 10 11 |
---------------+----------------------------------+-----
Fighting       | 3 |  3.0
Dodging        | 3 |  3.0
Throwing       | 3 4 6 7 8 11 13 15 16 | 16.3
Invocations    | 6 9 |  9.2
Polearms       | |  3.0

Action                     |  1- 3 |  4- 6 |  7- 9 | 10-12 || total
---------------------------+-------+-------+-------+-------++-------
  Melee: Trident           |   134 |   157 |   138 |       ||   429
         Punch             |       |     3 |     1 |     2 ||     6
         Halberd           |       |       |   319 |   179 ||   498
         Demon whip        |       |       |       |   216 ||   216
  Throw: Dart              |     4 |    11 |    20 |    80 ||   115
         Large rock        |       |     1 |    18 |    54 ||    73
         Boomerang         |       |       |    28 |    19 ||    47
         Stone             |       |       |     4 |     9 ||    13
         Throwing net      |       |       |     2 |     1 ||     3
 Invoke: Heroism           |       |       |       |     1 ||     1
    Use: Scroll            |       |     9 |     3 |    13 ||    25
         Potion            |       |       |     3 |     4 ||     7
   Stab: Sleeping          |       |     2 |       |     1 ||     3
         Distracted        |       |     1 |     1 |       ||     2
         Held in net/web   |       |       |     1 |       ||     1
 Armour: Robe              |    50 |    37 |   100 |    83 ||   270
         Skin              |       |       |       |    21 ||    21
  Dodge: Dodged            |    93 |    64 |   245 |   212 ||   614
  Block: Other             |       |    31 |   116 |   108 ||   255
         Reflection        |       |     1 |     1 |     5 ||     7

Table legend: (Time is in decaauts)
 A = Elapsed time spent in this place.
 B = Non-inter-level travel time spent in this place.
 C = Inter-level travel time spent in this place.
 D = Time resting spent in this place.
 E = Time spent auto-exploring this place.
 F = Levels seen in this place.
 G = Mean time per level.
                   A        B        C        D        E       F      G
               +--------+--------+--------+--------+--------+-----+--------+
         Total |  16597 |  16153 |    444 |   5701 |   5763 |  13 | 1276.7 |
       Dungeon |  15194 |  14750 |    444 |   5333 |   5659 |   9 | 1688.2 |
        Temple |     22 |     22 |      0 |      0 |      2 |   1 |   22.0 |
  Orcish Mines |    368 |    368 |      0 |     62 |     93 |   1 |  368.0 |
         Sewer |    536 |    536 |      0 |    166 |      9 |   1 |  536.0 |
        Bailey |    474 |    474 |      0 |    140 |      0 |   1 |  474.0 |
               +--------+--------+--------+--------+--------+-----+--------+

Top non-repeatable levels by time:
     D:9: 3010 daAuts
     D:7: 2451 daAuts
     D:5: 2306 daAuts
     D:6: 1764 daAuts
     D:8: 1689 daAuts
     D:4: 1287 daAuts
     D:3: 1196 daAuts
     D:2: 809 daAuts
     D:1: 678 daAuts
   Sewer: 536 daAuts
  Bailey: 474 daAuts
   Orc:1: 368 daAuts
  Temple: 22 daAuts
